 Dungeon Crawl Stone Soup version 0.14-a0-2432-g6b3afca (webtiles) character file.

3416 Jenx the Martial Artist (level 9, 0/43 HPs)
             Began as a Vine Stalker Monk on Feb 3, 2014.
             Was a Believer of Nemelex Xobeh.
             Killed from afar by a vapour (12 damage)
             ... with a bolt of lightning
             ... summoned by the player character
             ... on Level 7 of the Dungeon on Feb 4, 2014.
             The game lasted 00:26:04 (6402 turns).

Jenx the Martial Artist (Vine Stalker Monk)         Turns: 6402, Time: 00:26:06

HP   0/43        AC  9     Str 15      XL: 9   Next: 85%
MP   0/18        EV 12     Int 14      God: Nemelex Xobeh [**....]
Gold 398         SH  0     Dex 18      Spells:  0 memorised,  8 levels left

rFire  . . .     SeeInvis .       - Unarmed
rCold  + . .     Clarity  +     k - +3 orc leather armour {rC+}
rNeg   . . .     Conserve .     (no shield)
rPois  .         rCorr    .     D - +0 dwarf helmet
rElec  .         rRot     +     (no cloak)
SustAb . .       Spirit   +     j - +1 pair of gloves
rMut   .         Warding  .     (no boots)
Saprov . . .     Stasis   .     w - cursed amulet of clarity
MR     +....                    (no ring)
                                A - cursed +3 ring of intelligence

@: somewhat resistant to hostile enchantments, quite stealthy
A: fangs 3, regeneration 2, magic shield, antimagic bite, no device heal
a: Draw One, Peek at Two, Renounce Religion


You were on level 7 of the Dungeon.
You worshipped Nemelex Xobeh.
Nemelex Xobeh was pleased with you.
You were not hungry.

You visited 2 branches of the dungeon, and saw 8 of its levels.

You collected 398 gold pieces.

Inventory:

Missiles
 F - 2 tomahawks (quivered)
 H - 12 darts of frost
Armour
 j - a +1 pair of gloves (worn)
 k - a +3 orcish leather armour of cold resistance (worn)
 D - a +0 dwarven helmet (worn)
Magical devices
 h - a wand of fire (7)
 x - a wand of teleportation (4)
 E - a wand of fire (3)
 K - a wand of fireball (4)
Comestibles
 l - an apple
 p - 11 strawberries
 z - 3 meat rations
 B - a cheese
 J - 6 bread rations
Scrolls
 c - 2 scrolls of enchant weapon I {unknown}
 d - 2 scrolls of curse weapon {unknown}
 f - a scroll of noise {unknown}
 m - a scroll of blinking {unknown}
 o - 3 scrolls of enchant weapon II {unknown}
 q - 7 scrolls of remove curse {unknown}
 r - 2 scrolls of teleportation {unknown}
 y - 2 scrolls of immolation {unknown}
 C - 2 scrolls of enchant armour {unknown}
 G - a scroll of random uselessness {unknown}
 I - a scroll of curse armour {unknown}
Jewellery
 n - an uncursed amulet of conservation
 w - a cursed amulet of clarity (around neck)
 A - a cursed +3 ring of intelligence (left hand)
Potions
 a - 8 potions of curing
 e - a potion of brilliance
 g - 2 potions of speed
 t - 2 potions of heal wounds
 u - 2 potions of mutation
 v - a potion of agility {unknown}


   Skills:
 - Level 2.6 Fighting
 + Level 2.4 Armour
 - Level 2.4 Dodging
 - Level 6.3 Stealth
 * Level 11.5 Unarmed Combat
 - Level 5.0 Evocations


You had 8 spell levels left.
You didn't know any spells.

Dungeon Overview and Level Annotations

Branches:
Dungeon (7/16)             Temple (1/1) D:7

Altars:
Ashenzari
Cheibriados
Makhleb
Nemelex Xobeh
Okawaru
Trog
Vehumet
The Shining One


Innate Abilities, Weirdness & Mutations

You have razor-sharp teeth.
You heal very quickly.
When hurt, damage is shared between your health and your magic reserves.
Your bite disrupts and absorbs the magic of your enemies.
Potions and wands cannot restore your HP.


Message History

You hit the agate snail. You bite the agate snail! You drain its power.
The agate snail is severely wounded.
Your iguana skeleton bites the agate snail.
You punch the agate snail!
The agate snail is almost dead.
Your iguana skeleton bites the agate snail.
The agate snail withdraws into its shell!
You hit the agate snail but do no damage.
You bite the agate snail, but do no damage.
The agate snail is almost dead.
Your iguana skeleton bites the agate snail but does no damage.
You hit the agate snail but do no damage.
You punch the agate snail.
You kill the agate snail!
The agate snail's corpse disappears in a puff of smoke!
The bolt of lightning hits your iguana skeleton.
Your iguana skeleton is destroyed!
The bolt of lightning hits you!
You die...
Your body glows slightly and disappears.

#########################
.........................
.........................
.................!........
...................vv)....
..........................
................@ยง........
.........................
.........)...............
####################.....
.... ... .


You could see 2 friendly vapours.

Vanquished Creatures
  The ghost of BlessedChild the Magician, an experienced OpWz of Vehumet (D:6)
  Menkaure (D:5)
  2 black bears (D:7)
  2 orc warriors
  2 ice beasts
  3 phantoms
  2 centaurs (D:6)
  2 ogres
  Duvessa (D:6)
  Blork the orc (D:6)
  An agate snail (D:7)
  2 giant frogs (D:7)
  A giant frog zombie (D:6)
  Dowan (D:6)
  3 crimson imps
  A scorpion (D:4)
  An orc priest (D:3)
  A jelly (D:6)
  3 orc wizards
  A two-headed ogre skeleton (D:7)
  A black bear skeleton (D:5)
  Natasha (D:4)
  3 hounds
  4 worker ants
  An ogre zombie (D:5)
  Ijyb (D:6)
  A hound zombie (D:5)
  A hound skeleton (D:5)
  A worker ant zombie (D:5)
  8 adders
  15 gnolls
  A giant mite (D:6)
  An orc zombie (D:6)
  A worm zombie (D:6)
  2 worms
  A giant eyeball (D:6)
  5 giant geckos
  3 oozes
  23 orcs
  2 ball pythons
  6 giant cockroaches
  8 hobgoblins
  9 jackals
  5 kobolds
  16 bats
  A giant gecko skeleton (D:7)
  4 giant newts
  14 goblins
  A hobgoblin zombie (D:5)
  A quokka (D:5)
  2 quokka skeletons
  10 rats
185 creatures vanquished.

Vanquished Creatures (others)
  An iguana skeleton (D:7)
1 creature vanquished.

Grand Total: 186 creatures vanquished

Notes
Turn   | Place    | Note
--------------------------------------------------------------
     0 | D:1      | Jenx, the Vine Stalker Monk, began the quest for the Orb.
     0 | D:1      | Reached XP level 1. HP: 11/11 MP: 1/1
   241 | D:1      | Reached XP level 2. HP: 16/16 MP: 3/3
   493 | D:1      | Upgraded the game from 0.14-a0-2400-gb2944a8 to 0.14-a0-2432-g6b3afca
   639 | D:2      | Reached XP level 3. HP: 19/19 MP: 4/4
   718 | D:2      | Reached skill level 5 in Unarmed Combat
   867 | D:2      | Reached XP level 4. HP: 19/23 MP: 5/5
  1550 | D:3      | Reached skill level 6 in Unarmed Combat
  1554 | D:3      | Reached XP level 5. HP: 27/27 MP: 7/7
  1832 | D:3      | Reached skill level 1 in Evocations
  2193 | D:3      | Gained mutation: You heal very quickly. [vine stalker growth]
  2193 | D:3      | Reached XP level 6. HP: 11/32 MP: 3/9
  2686 | D:4      | Noticed Natasha
  2780 | D:4      | Reached skill level 7 in Unarmed Combat
  2874 | D:4      | Found a glowing golden altar of the Shining One.
  3014 | D:4      | Killed Natasha
  3385 | D:4      | Reached XP level 7. HP: 16/35 MP: 9/12
  3467 | D:5      | Entered Level 5 of the Dungeon
  3759 | D:5      | Reached skill level 8 in Unarmed Combat
  3936 | D:5      | Gained mutation: You have razor-sharp teeth. [vine stalker growth]
  3936 | D:5      | Reached XP level 8. HP: 14/39 MP: 7/17
  4076 | D:5      | Reached skill level 5 in Evocations
  4385 | D:5      | Noticed Menkaure
  4388 | D:5      | Killed Menkaure
  4450 | D:6      | Noticed Ijyb
  4476 | D:6      | Killed Ijyb
  4482 | D:6      | Reached skill level 9 in Unarmed Combat
  4565 | D:6      | Noticed Duvessa
  4565 | D:6      | Noticed Dowan
  4579 | D:6      | Killed Duvessa
  4585 | D:6      | Killed Dowan
  4662 | D:6      | Noticed BlessedChild's ghost (experienced OpWz)
  4672 | D:6      | Killed BlessedChild's ghost
  4672 | D:6      | Reached skill level 5 in Stealth
  4672 | D:6      | Reached skill level 10 in Unarmed Combat
  4672 | D:6      | Reached XP level 9. HP: 43/43 MP: 18/18
  5001 | D:6      | Noticed Blork the orc
  5012 | D:6      | Killed Blork the orc
  5588 | D:7      | Found a staircase to the Ecumenical Temple.
  5594 | D:7      | Reached skill level 1 in Armour
  5602 | Temple   | Entered the Ecumenical Temple
  5625 | Temple   | Became a worshipper of Nemelex Xobeh
  5625 | Temple   | Received a gift from Nemelex Xobeh
  5625 | Temple   | Acquired Nemelex Xobeh's first power
  5644 | Temple   | Acquired Nemelex Xobeh's second power
  5747 | D:7      | Reached skill level 11 in Unarmed Combat
  6257 | D:7      | Received a gift from Nemelex Xobeh
  6402 | D:7      | Killed from afar by a vapour

Action                   |  1- 3 |  4- 6 |  7- 9 || total
-------------------------+-------+-------+-------++-------
Melee: Unarmed           |    97 |   186 |   318 ||   601
Throw: Tomahawk          |       |     2 |    13 ||    15
       Dart              |       |       |     2 ||     2
Invok: Draw One          |       |       |     2 ||     2
       Peek at Two       |       |       |     2 ||     2
Evoke: Wand              |     1 |     3 |     5 ||     9
       Deck              |       |       |    10 ||    10
  Use: Scroll            |       |     3 |     4 ||     7
 Stab: Sleeping          |     3 |     1 |     5 ||     9
       Distracted        |     1 |       |       ||     1
